 Dungeon Crawl Stone Soup version 0.29-a0-219-g0a02b1cf4f (webtiles) character file.

Game seed: 7546439604336138083

24631 Hasart the Quickloader (level 12, -2/104 HPs)
             Began as a Demigod Hunter on Feb 26, 2022.
             Slain by an ettin
             ... wielding a +0 dire flail
              (14 damage)
             ... on level 2 of the Orcish Mines.
             The game lasted 00:33:31 (13428 turns).

Hasart the Quickloader (Demigod Hunter)            Turns: 13428, Time: 00:33:32

Health: -2/104     AC: 22    Str: 11    XL:     12   Next: 47%
Magic:  15/15      EV: 16    Int: 17    God:
Gold:   600        SH:  0    Dex: 33    Spells: 6/11 levels left

rFire   + . .      SeeInvis .   E - +0 arbalest (venom)
rCold   + . .      Faith    +   (shield currently unavailable)
rNeg    + . .      Spirit   .   G - +6 scale mail of the Buccaneer {Rampage rPois rC+ Slay+4}
rPois   +          Reflect  .   f - +0 helmet
rElec   +          Harm     .   (no cloak)
rCorr   +          Rampage  +   q - +2 pair of gloves of the King of the Hill {rN+ Str-2 Int+3 Dex+3}
Will    ++...                   n - +0 pair of boots
Stlth   ++++......              C - amulet "Tiamex" {Faith Regen+ Int+3}
HPRegen 1.07/turn               J - +4 ring of protection
MPRegen 0.14/turn               N - ring "Qodoaqel" {rElec rF+ Will+ rCorr Int-2}

@: no status effects
A: high MP 1, forlorn, divine attributes
a: no special abilities


You were on level 2 of the Orcish Mines.
You visited 2 branches of the dungeon, and saw 15 of its levels.

You collected 947 gold pieces.
You spent 347 gold pieces at shops.

Inventory:

Hand Weapons
 a - a +2 hand crossbow
 E - a +0 arbalest of venom (weapon)
Missiles
 h - 2 throwing nets
Armour
 b - a +0 troll leather armour
 f - a +0 helmet (worn)
 n - a +0 pair of boots (worn)
 q - the +2 pair of gloves of the King of the Hill (worn) {rN+ Str-2 Int+3 Dex+3}
   (You acquired it on level 4 of the Dungeon)

   Str:       It affects your strength (-2).
   Int:       It affects your intelligence (+3).
   Dex:       It affects your dexterity (+3).
   rN:        It protects you from negative energy.
 D - +0 acid dragon scales
 G - the +6 scale mail of the Buccaneer (worn) {Rampage rPois rC+ Slay+4}
   (You found it on level 9 of the Dungeon)

   Slay:      It affects your accuracy & damage with ranged weapons and melee
   (+4).
   rC:        It protects you from cold.
   rPois:     It protects you from poison.
   Rampage:   It bestows one free step when moving towards enemies.
Jewellery
 c - a ring of willpower
 l - a ring of poison resistance
 A - an amulet of guardian spirit
 C - the amulet "Tiamex" (around neck) {Faith Regen+ Int+3}
   (You found it on level 7 of the Dungeon)

   [amulet of faith]

   It allows you to gain divine favour quickly.
   Int:       It affects your intelligence (+3).
   Regen:     It increases your rate of health regeneration.
 I - a +6 ring of strength
 J - a +4 ring of protection (left hand)
 K - a ring of ice
 N - the ring "Qodoaqel" (right hand) {rElec rF+ Will+ rCorr Int-2}
   (You acquired it on level 12 of the Dungeon)

   [ring of protection from fire]

   Int:       It affects your intelligence (-2).
   rF:        It protects you from fire.
   rElec:     It insulates you from electricity.
   rCorr:     It protects you from acid and corrosion.
   Will:      It increases your willpower.
Wands
 B - a wand of flame (26)
 H - a wand of acid (7)
 L - a wand of digging (9)
Scrolls
 i - 4 scrolls of amnesia
 k - 7 scrolls of teleportation
 m - 5 scrolls of immolation
 o - a scroll of vulnerability
 r - 2 scrolls of enchant armour
 v - 7 scrolls of identify
 y - 2 scrolls of magic mapping
Potions
 d - a potion of mutation {unknown}
 e - a potion of attraction {unknown}
 g - 3 potions of degeneration
 j - 2 potions of invisibility {unknown}
 p - a potion of brilliance {unknown}
 s - 3 potions of berserk rage {unknown}
 t - 2 potions of might {unknown}
 u - 5 potions of curing {unknown}
 w - a potion of lignification {unknown}
 x - 2 potions of ambrosia {unknown}
 z - 3 potions of haste
 F - a potion of magic {unknown}
 M - a potion of heal wounds


   Skills:
 + Level 9.0 Fighting
 * Level 12.9 Crossbows
 + Level 4.8 Armour
 + Level 9.0 Dodging
 + Level 9.6 Stealth


You had 6 spell levels left.
You knew the following spells:

 Your Spells              Type           Power      Damage    Failure   Level
a - Yara's Violent Unrav  Hex/Tmut       0%         3d3       100%        5

Your spell library contained the following spells:

 Spells                   Type           Power      Damage    Failure   Level
 Animate Skeleton         Necr           0%         N/A       77%         1
 Apportation              Tloc           0%         N/A       77%         1
 Sandblast                Erth           0%         2d4       77%         1
 Summon Small Mammal      Summ           0%         N/A       77%         1
 Corpse Rot               Necr/Air       0%         N/A       88%         2
 Passwall                 Tmut/Erth      0%         N/A       88%         2
 Scorch                   Fire           0%         2d5       88%         2
 Stone Arrow              Conj/Erth      0%         3d7       98%         3
 Tukima's Dance           Hex            0%         N/A       98%         3
 Dispel Undead            Necr           0%         3d6       100%        4
 Flame Wave               Conj/Fire      0%         2d4       100%        4
 Passage of Golubria      Tloc           0%         N/A       100%        4
 Iskenderun's Battlesphe  Conj           0%         2d6       100%        5
 Death Channel            Necr           0%         N/A       100%        6
 Iron Shot                Conj/Erth      0%         9d1       100%        6
 Summon Cactus Giant      Summ           0%         N/A       100%        6
 Spellforged Servitor     Conj/Summ      0%         N/A       100%        7


Dungeon Overview and Level Annotations

Branches:
Dungeon (13/15)              Lair (0/6) D:10            Orc (2/2) D:12
    Elf (0/3) Orc:2
 Temple: D:4-7       Vaults: D:13-14

Shops:
D:4 *   D:6 *   D:7 ?([**   D:10 ?   D:12 :

Annotations:
D:7 Joseph


Innate Abilities, Weirdness & Mutations

You have an increased reservoir of magic. (+10% MP)
You shall have no god before yourself.
Your divine heritage dramatically boosts your attributes as you level up.


Message History

You shoot a bolt. The bolt hits the ogre!!
You kill the ogre!
An ettin comes into view.
It is wielding a +0 dire flail and a +1 dire flail of protection.
You shoot a bolt. The bolt barely misses the ettin.
You shoot a bolt. The bolt hits the ettin!
The ettin is lightly wounded.
You shoot a bolt. The bolt hits the ettin!
The ettin is poisoned.
The ettin is moderately wounded.
You shoot a bolt. The bolt hits the ettin!
The ettin is heavily wounded.
The ettin hits you but does no damage. The ettin misses you.
You shoot a bolt.
The bolt hits the ettin but does no damage.
The ettin looks as sick as possible!
The ettin is heavily wounded.
The ettin hits you with a +0 dire flail!!
The ettin misses you.
You shoot a bolt.
The bolt hits the ettin but does no damage.
The ettin looks as sick as possible!
The ettin is severely wounded.
The ettin misses you.
The ettin hits you with a +1 dire flail of protection!!
The ettin hits you but does no damage.
The ettin hits you with a +1 dire flail of protection!!
You shoot a bolt.
The bolt hits the ettin but does no damage.
The ettin is almost dead.
The ettin hits you with a +0 dire flail!
The ettin closely misses you.
You are too injured to fight recklessly!
You shoot a bolt.
The bolt hits the ettin but does no damage.
The ettin looks as sick as possible!
The ettin is almost dead.
The ettin hits you with a +0 dire flail!!
The ettin hits you with a +1 dire flail of protection!!
* * * LOW HITPOINT WARNING * * *
The ettin hits you with a +0 dire flail!
You die...

###..................
#####....................
##.##.....................
#...#........#............
#........................
#........................ #
#...#..#...........#.....
##.##..#...##C.#..........#..
#..$........@................
#.....##.....................
#....##.........#............
..)....###.#<#.................
.........
#####......#########.#
..)...... #....#### ###
..)...... ....§# # .)........
.#≈≈# §≈#


You could see an ettin (extremely poisoned).

Vanquished Creatures
  Fannar (D:11)
  A death knight (D:12)
  5 two-headed ogres
  Urug (D:11)
  Sonja (D:11)
  A skeletal warrior (D:12)
  An orc knight (Orc:1)
  An orc sorcerer (Orc:1)
  3 cyclopes
  A manticore (D:10)
  Maggie (D:7)
  A freezing wraith (D:12)
  A kobold demonologist (D:11)
  Psyche (D:11)
  6 trolls
  A hornet (D:9)
  4 shadows
  A wraith (D:12)
  6 wyverns
  40 yaks
  4 steam dragons
  2 basilisks (D:10)
  Menkaure (D:7)
  2 wargs
  An acid dragon (D:12)
  4 water moccasins
  A black bear (D:6)
  2 sky beasts
  A necrophage (D:4)
  10 orc warriors
  3 ice beasts
  4 ogres
  2 centaurs
  2 kobold brigands
  3 phantoms
  3 gnoll sergeants
  3 bullfrogs
  5 scorpions
  9 killer bees
  A wight (D:8)
  8 howler monkeys
  3 hounds
  A gnoll shaman (D:6)
  11 orc priests
  2 iguanas
  11 orc wizards
  Robin (D:2)
  21 gnolls
  10 adders
  A shadow imp (D:6)
  A white imp (D:8)
  An ufetubus (D:5)
  4 dart slugs
  52 orcs
  3 bats
  5 endoplasms
  2 giant cockroaches
  16 goblins
  5 hobgoblins
  6 quokkas
  10 ball pythons
  6 frilled lizards
  16 kobolds
  5 rats
342 creatures vanquished.

Vanquished Creatures (others)
  A bush (D:10)
  A fungus (D:10)
  22 plants (D:10)
24 creatures vanquished.

Grand Total: 366 creatures vanquished

Notes
Turn   | Place    | Note
-------+----------+-------------------------------------------
     0 | D:1      | Hasart the Demigod Hunter began the quest for the Orb.
     0 | D:1      | Reached XP level 1. HP: 17/17 MP: 3/3
    22 | D:1      | Reached skill level 1 in Stealth
    80 | D:1      | Reached XP level 2. HP: 24/24 MP: 4/4
   410 | D:2      | Reached skill level 4 in Crossbows
   463 | D:2      | Reached XP level 3. HP: 24/29 MP: 5/5
   964 | D:2      | Noticed Robin
   967 | D:2      | Killed Robin
  1638 | D:3      | Reached XP level 4. HP: 37/37 MP: 6/6
  1747 | D:3      | Noticed a phantom
  1805 | D:4      | Noticed a necrophage
  1915 | D:4      | Killed a necrophage
  1916 | D:4      | Reached XP level 5. HP: 43/44 MP: 7/7
  2422 | D:3      | Reached skill level 5 in Crossbows
  2763 | D:4      | Reached XP level 6. HP: 51/51 MP: 8/8
  3798 | D:4      | Found Mum Heno's Assorted Antiques.
  3802 | D:4      | Bought a scroll labelled NEDEIRPHOZU for 18 gold pieces
  3802 | D:4      | Bought a scroll labelled PAESSAPSUU for 18 gold pieces
  3802 | D:4      | Bought a scroll labelled LEPPOI NEKK for 18 gold pieces
  3802 | D:4      | Bought a scroll labelled XEACSA OCAT for 18 gold pieces
  3802 | D:4      | Bought a scroll labelled MEV OZEOSE for 18 gold pieces
  3802 | D:4      | Bought a purple potion for 16 gold pieces
  3802 | D:4      | Bought an amethyst potion for 16 gold pieces
  3985 | D:4      | Acquired the +2 pair of gloves of the King of the Hill {rN+
                  | Str-2 Int+3 Dex+3}
  4255 | D:5      | Entered Level 5 of the Dungeon
  4300 | D:5      | Reached XP level 7. HP: 57/57 MP: 9/9
  4434 | D:5      | Reached skill level 6 in Crossbows
  5010 | D:5      | Reached XP level 8. HP: 34/66 MP: 10/10
  5077 | D:4      | HP: 2/66 [phantom (8)]
  5710 | D:5      | Reached skill level 7 in Crossbows
  6313 | D:6      | Reached skill level 5 in Stealth
  6319 | D:6      | Reached skill level 5 in Fighting
  6319 | D:6      | Reached skill level 5 in Dodging
  6875 | D:6      | Found Maxzen's Assorted Antiques.
  7083 | D:6      | Bought a scroll labelled KURPHOREO PYBOA for 21 gold pieces
  7083 | D:6      | Bought a scroll of teleportation for 63 gold pieces
  7083 | D:6      | Bought a scroll labelled MEVEIXZ LOYNWUERR for 21 gold
                  | pieces
  7771 | D:7      | Found Kajoq's Magic Scroll Emporium.
  7774 | D:7      | Bought a scroll of enchant armour for 82 gold pieces
  7774 | D:7      | Bought a scroll of magic mapping for 38 gold pieces
  7835 | D:7      | Identified the amulet "Tiamex" {Faith Regen+ Int+3}
  7944 | D:7      | Reached skill level 8 in Crossbows
  7952 | D:7      | Found Uryopt's Weapon Boutique.
  7955 | D:7      | Found Qedet's General Store.
  8020 | D:7      | Noticed Menkaure
  8023 | D:7      | Killed Menkaure
  8024 | D:7      | Reached XP level 9. HP: 74/74 MP: 11/11
  8024 | D:7      | Found Heezaen's Assorted Antiques.
  8059 | D:7      | Found Tiadiad's Armour Boutique.
  8247 | D:7      | Noticed Maggie
  8290 | D:7      | Killed Maggie
  8522 | D:7      | Noticed Joseph
  8805 | D:7      | Reached skill level 9 in Crossbows
  8865 | D:7      | Learned a level 5 spell: Yara's Violent Unravelling
  9095 | D:8      | Noticed a two-headed ogre
  9165 | D:8      | Killed a two-headed ogre
  9166 | D:8      | Reached XP level 10. HP: 76/84 MP: 13/13
  9232 | D:8      | Noticed a cyclops
  9404 | D:8      | Reached skill level 10 in Crossbows
  9817 | D:8      | Killed a cyclops
 10157 | D:9      | You fall into a shaft and drop 1 floor!
 10157 | D:10     | Entered Level 10 of the Dungeon
 10208 | D:9      | Identified the +9 lajatang of Exquisite Death {flame, rPois
                  | SInv}
 10356 | D:9      | Identified the +1 scale mail "Xuikirch" {Will+}
 10484 | D:9      | Noticed a two-headed ogre
 10492 | D:9      | Killed a two-headed ogre
 10525 | D:9      | Identified the +6 scale mail of the Buccaneer {Rampage
                  | rPois rC+ Slay+4}
 10616 | D:9      | Reached XP level 11. HP: 92/92 MP: 14/14
 10864 | D:9      | Reached skill level 11 in Crossbows
 11032 | D:10     | Reached skill level 1 in Armour
 11163 | D:10     | Found a staircase to the Lair.
 11178 | D:10     | Noticed a two-headed ogre
 11287 | D:10     | Killed a two-headed ogre
 11480 | D:10     | Found Xounki's Magic Scroll Emporium.
 11640 | D:11     | Noticed Psyche
 11648 | D:11     | Killed Psyche
 11771 | D:11     | Noticed Fannar
 11778 | D:11     | Killed Fannar
 11792 | D:11     | Noticed Urug
 11806 | D:11     | Killed Urug
 11889 | D:11     | Noticed a sun demon
 11890 | D:11     | Reached skill level 12 in Crossbows
 11911 | D:11     | Noticed Sonja
 11925 | D:11     | Killed Sonja
 11932 | D:11     | Noticed a two-headed ogre
 11941 | D:11     | Killed a two-headed ogre
 12154 | D:12     | Reached XP level 12. HP: 103/103 MP: 15/15
 12189 | D:12     | Noticed a death knight
 12358 | D:12     | Acquired the ring "Qodoaqel" {rElec rF+ Will+ rCorr Int-2}
 12447 | D:12     | Found a staircase to the Orcish Mines.
 12700 | D:12     | Found Kyhyrex's Book Emporium.
 12874 | D:12     | Killed a death knight
 12985 | Orc:1    | Entered Level 1 of the Orcish Mines
 13107 | Orc:2    | Entered Level 2 of the Orcish Mines
 13107 | Orc:2    | Noticed Maurice
 13107 | Orc:2    | Found a staircase to the Elven Halls.
 13396 | Orc:2    | Noticed an ettin
 13428 | Orc:2    | Slain by an ettin

Illustrated notes

Levels and vault maps discovered:
D:1:      grunt_arrival_lava_bath, layout_rooms, ebering_ecumenical_altar_webs
D:2:      layout_basic, basic_altar, minmay_misc_feat_hallway,
          nicolae_figureground_pulse, uniq_robin
D:3:      layout_rooms, kennysheep_generic_room_7
D:4:      kennysheep_spiral_hall, layout_basic, serial_shops, shop,
          grunt_ministairs_7
D:5:      layout_basic
D:6:      layout_cave_pods, nicolae_ru_the_path_less_chosen, serial_shops, shop,
          minmay_starry_boxes
D:7:      layout_loops_corners, minmay_temple_entry_nine_rooms, serial_shops,
          shop_fountains, shop, shop,
          nicolae_shop_temple_entry_statues_fountains, nicolae_stop_n_shop_1,
          uniq_joseph, uniq_maggie, uniq_menkaure
D:8:      wad_arrow_thing, layout_loops_ring, kennysheep_generic_room_13
D:9:      layout_irregular_city
D:10:     layout_cross, kennysheep_mini, minmay_lair_entry_grove, serial_shops,
          nicolae_lakefront_shop, minmay_strange_pillars
D:11:     layout_rooms, uniq_psyche, uniq_urug, uniq_fannar, uniq_sonja
D:12:     layout_cave_pools, orc_0_dummy, serial_shops,
          nicolae_shop_temple_entry_statues_fountains
D:13:     layout_roguey, david_vaults_4, uniq_lodul
Orc:1:    layout_diamond_mine
Orc:2:    kennysheep_orc_mage_school, layout_caves, uniq_maurice

Skill      XL: |  1  2  3  4  5  6  7  8  9 10 11 12 |
---------------+-------------------------------------+-----
Stealth        | 1 2 3 4 5 6 7 9 |  9.6
Fighting       | 2 3 4 5 6 7 8 9 |  9.0
Dodging        | 2 3 4 5 6 7 8 9 |  9.0
Crossbows      | 4 5 6 8 9 10 12 | 12.9
Armour         | 3 4 |  4.8

Action                   |  1- 3 |  4- 6 |  7- 9 | 10-12 || total
-------------------------+-------+-------+-------+-------++-------
Melee: Hand crossbow     |       |     1 |       |       ||     1
 Fire: Hand crossbow     |   118 |   162 |   471 |   386 ||  1137
       Arbalest          |       |       |       |   290 ||   290
  Use: Scroll            |       |    11 |     4 |     2 ||    17
Armor: Leather armour    |    13 |    24 |    36 |       ||    73
       Acid dragon scale |       |       |    36 |       ||    36
       Troll leather arm |       |       |     6 |    26 ||    32
       Scale mail        |       |       |       |   149 ||   149
Dodge: Dodged            |    26 |    69 |   284 |   403 ||   782

Table legend: (Time is in decaauts)
 A = Elapsed time spent in this place.
 B = Non-inter-level travel time spent in this place.
 C = Inter-level travel time spent in this place.
 D = Time resting spent in this place.
 E = Time spent auto-exploring this place.
 F = Levels seen in this place.
 G = Mean time per level.
                   A        B        C        D        E       F      G
               +--------+--------+--------+--------+--------+-----+--------+
         Total |  13778 |  13379 |    399 |   2061 |   8140 |  15 |  918.5 |
       Dungeon |  13304 |  12916 |    388 |   2001 |   7930 |  13 | 1023.4 |
  Orcish Mines |    474 |    464 |     10 |     60 |    210 |   2 |  237.0 |
               +--------+--------+--------+--------+--------+-----+--------+

Top non-repeatable levels by time:
     D:4: 1999 daAuts
     D:6: 1653 daAuts
     D:5: 1574 daAuts
     D:2: 1303 daAuts
     D:8: 1225 daAuts
     D:7: 1078 daAuts
     D:9: 998 daAuts
     D:3: 992 daAuts
    D:12: 814 daAuts
    D:10: 662 daAuts
    D:11: 608 daAuts
     D:1: 392 daAuts
   Orc:1: 266 daAuts
   Orc:2: 207 daAuts
    D:13: 1 daAuts
